 Dungeon Crawl Stone Soup version 0.17-a0-802-g1f09329 (webtiles) character file.

392 Hanyuu the Insei (level 6, -2/41 HPs)
             Began as an Octopode Transmuter on Apr 26, 2015.
             Was a Follower of Makhleb.
             Slain by Duvessa
             ... wielding a +0 short sword
              (12 damage)
             ... on level 3 of the Dungeon.
             The game lasted 00:07:40 (3447 turns).

Hanyuu the Insei (Octopode Transmuter)              Turns: 3447, Time: 00:07:40

Health: -2/41      AC:  1    Str:  9    XL:     6   Next: 81%
Magic:  18/18      EV: 12    Int: 15    God:    Makhleb [*.....]
Gold:   127        SH:  0    Dex: 15    Spells: 3 memorised, 3 levels left

rFire  . . .     SeeInvis .     f - +2 whip (elec)
rCold  . . .     Clarity  .     (no shield)
rNeg   . . .     SustAb   .     (helmet restricted)
rPois  .         Gourm    .     (no amulet)
rElec  .         Spirit   .     h - ring of magical power
rCorr  .         Warding  .     (no ring)
rMut   .         Stasis   .     (no ring)
MR     .....                    (no ring)
Stlth  ++........               (no ring)
                                (no ring)
                                (no ring)
                                (no ring)

@: not resistant to hostile enchantments, unstealthy
A: almost no armour, amphibious, 8 rings, constrict 8, camouflage 1, gelatinous
body 1
a: Renounce Religion


You were on level 3 of the Dungeon.
You worshipped Makhleb.
Makhleb was aware of your devotion.
You were not hungry.

You visited 1 branch of the dungeon, and saw 4 of its levels.

You collected 127 gold pieces.

Inventory:

Hand weapons
 e - a +0 dagger
 f - a +2 whip of electrocution (weapon)
Missiles
 a - 57 arrows
Jewellery
 h - a ring of magical power (left tentacle)
 i - an uncursed ring of teleportation
Magical devices
 m - a wand of confusion (27)
Scrolls
 l - a scroll of enchant weapon
 n - a scroll of remove curse
Potions
 g - a potion of cancellation
Books
 b - a book of Changes

   Spells                             Type                      Level
   a - Beastly Appendage              Transmutation                1
   b - Sticks to Snakes               Transmutation                2
   c - Spider Form                    Transmutation/Poison         3
   d - Ice Form                       Ice/Transmutation            4
   e - Blade Hands                    Transmutation                5
Comestibles
 c - 3 bread rations
 d - 4 fruits
 j - 2 meat rations


   Skills:
 + Level 2.4 Fighting
 - Level 2.0 Dodging
 * Level 6.5 Unarmed Combat
 - Level 2.0 Spellcasting
 - Level 3.0 Transmutations


You had 3 spell levels left.
You knew the following spells:

 Your Spells              Type           Power        Failure   Level  Hunger
a - Beastly Appendage     Trmt           ##....       8%          1    #......
b - Sticks to Snakes      Trmt           ##........   12%         2    ###....
c - Spider Form           Trmt/Pois      #.........   34%         3    ###....


Dungeon Overview and Level Annotations

Branches:
Dungeon (4/15)
 Temple: D:4-7

Altars:
Makhleb
Trog
Vehumet
Yredelemnul
Zin

Annotations:
D:3 Duvessa


Innate Abilities, Weirdness & Mutations

You cannot wear most types of armour.
You are amphibious.
You can wear up to eight rings at the same time.
You can use your tentacles to constrict eight enemies at once.
Your skin changes colour to match your surroundings (Stealth).
Your rubbery body absorbs attacks (AC +1).


Message History

There is a stone staircase leading down here.
Unknown command.
Read which item? (? for menu, Esc to quit)
Okay, then.
Drink which item? (? for menu, Esc to quit)
You feel better. Duvessa barely misses you.
You hit Duvessa.
There is a sudden explosion of sparks!
You grab Duvessa. You tentacle-slap Duvessa. You squeeze Duvessa.
Duvessa is heavily wounded.
You constrict Duvessa. Duvessa hits you but does no damage.
Duvessa barely misses you.
You hit Duvessa but do no damage. You squeeze Duvessa, but do no damage.
Duvessa is heavily wounded.
You constrict Duvessa. Duvessa hits you with a short sword.
* * * LOW HITPOINT WARNING * * *
Drink which item? (? for menu, Esc to quit)
You feel better.
You constrict Duvessa. Duvessa hits you with a short sword.
* * * LOW HITPOINT WARNING * * *
Duvessa hits you with a short sword!
You die...

.# #..(#...#..#..##.#.########.#
.# #..........#..##.#.# #.....#
## #..######..#..##.#.# #.###.# #
##......).....##.#.####.###.#
##############.#..##.#.#......###
...............#..##.#......#.#..
############......##.#....#...#.#
#.#...###.#.#(.#...#.# #.#.e@#
#.#.#..(...#.# #.#.###
#.#....##..#.# #.#.#
#.#..........# #.#.#
#.#.########## #.#†#
#.#........... #.#.#
#.############ #.#.#
#.............
#.#.#####.############
#.#...........#


You could see Duvessa (berserk).

Vanquished Creatures
  An ogre (D:3)
  Dowan (D:4)
  A hound (D:3)
  A worker ant (D:3)
  A hound skeleton (D:3)
  A gnoll (D:4)
  11 adders
  An ooze (D:1)
  A worm (D:2)
  5 giant geckos
  2 giant cockroaches
  11 hobgoblins
  7 jackals
  A quokka (D:2)
  6 bats
  2 giant newts (D:3)
  2 gnoll zombies (D:3)
  5 goblins
  9 kobolds
  8 rats
77 creatures vanquished.

Notes
Turn   | Place    | Note
--------------------------------------------------------------
     0 | D:1      | Hanyuu, the Octopode Transmuter, began the quest for the Orb.
     0 | D:1      | Reached XP level 1. HP: 13/13 MP: 3/3
   269 | D:1      | Reached XP level 2. HP: 12/18 MP: 5/5
   614 | D:1      | Reached XP level 3. HP: 17/23 MP: 6/6
   669 | D:1      | Learned a level 2 spell: Sticks to Snakes
   673 | D:1      | Learned a level 3 spell: Spider Form
   706 | D:1      | Reached skill level 4 in Unarmed Combat
  1229 | D:2      | Reached XP level 4. HP: 26/29 MP: 7/7
  1916 | D:2      | Found a bloodstained altar of Trog.
  2009 | D:3      | Found a radiant altar of Vehumet.
  2062 | D:3      | Noticed an ogre
  2069 | D:3      | Killed an ogre
  2069 | D:3      | Reached skill level 5 in Unarmed Combat
  2069 | D:3      | Reached XP level 5. HP: 34/34 MP: 8/8
  2220 | D:3      | Found a burning altar of Makhleb.
  2227 | D:3      | Reached XP level 6. HP: 21/39 MP: 9/9
  2230 | D:3      | Became a worshipper of Makhleb the Destroyer
  2310 | D:3      | Reached skill level 6 in Unarmed Combat
  2556 | D:3      | Found a glowing silver altar of Zin.
  2800 | D:3      | Found a basalt altar of Yredelemnul.
  3116 | D:4      | Acquired Makhleb's first power
  3386 | D:4      | Noticed Dowan
  3403 | D:4      | Killed Dowan
  3438 | D:4      | Noticed Duvessa
  3447 | D:3      | Slain by Duvessa

Action                   |  1- 3 |  4- 6 || total
-------------------------+-------+-------++-------
Melee: Unarmed           |     7 |       ||     7
       Whip              |    67 |    92 ||   159
  Use: Scroll            |     1 |     5 ||     6
       Potion            |       |     2 ||     2
 Stab: Sleeping          |     6 |     4 ||    10
  Eat: Chunk             |       |     8 ||     8
